AoeStats
← a.l.a.n.t

Arena

509847347Analyzed
4v4 RM · 3d ago on Sep 28, 2026· 57m 16s· 8 players
Game mode
Random Map
Map size
Large (8 player)
Population
200
Speed
Normal
Resources
Standard
Victory
Conquest
Starting age
Dark Age
Ending age
Imperial Age
RankedLock teamsTeams togetherTeam positionsShared explorationLock speedFull tech treeHidden civsTurbo modeCheats
Victory
Defeat
🇬🇧 Bengalis · United Kingdom
1302
+12
🇹🇼 Persians · Taiwan
1260
+14
🇦🇺 Malay · Australia
1214
+16
🇯🇵 Malians · Japan
1192
+17
🇫🇷 Italians · France
1293
-18
🇸🇪 Varangians · Sweden
1195
-14
🇩🇪 Britons · Germany
1190
-14
🇨🇳 Danes · China
1180
-13
Holako
11:52 Feudal Age
12:31 Double-Bit Axe
21:08 Castle Age
19:17 Gold Mining
19:32 Horse Collar
20:29 Fletching
20:41 Padded Archer Armor
22:16 Bow Saw
21:28 Crossbowman
22:35 Bodkin Arrow
23:58 Wheelbarrow
26:50 Town Watch
27:58 Ballistics
32:23 Imperial Age
29:39 Loom
30:39 Forging
30:46 Leather Archer Armor
30:31 Scale Mail Armor
29:56 Pikeman
30:22 Arson
31:34 Squires
32:12 Iron Casting
32:43 Scale Mail Armor
34:21 Chemistry
32:43 Arbalester
33:30 Bracer
36:27 Two-Man Saw
35:51 Fortified Wall
37:12 Blast Furnace
36:31 Chain Mail Armor
37:51 Elite Skirmisher
40:41 Halberdier
44:14 Hand Cart
53:51 Caravan
55:46 Heavy Plow
雪舞蝶梦
0:37 Loom
12:18 Feudal Age
12:48 Double-Bit Axe
16:57 Castle Age
14:43 Horse Collar
18:16 Bow Saw
18:10 Heavy Plow
19:25 Wheelbarrow
24:57 Hand Cart
26:11 Forging
26:07 Scale Barding Armor
26:04 Scale Mail Armor
26:07 Gold Mining
26:09 Stone Mining
28:19 Squires
28:04 Gambesons
28:05 Arson
29:09 Iron Casting
33:57 Imperial Age
32:37 Gold Shaft Mining
32:37 Stone Shaft Mining
32:04 Pikeman
34:05 Halberdier
35:43 Ballistics
36:24 Chemistry
35:29 Siege Engineers
35:35 Masonry
35:20 Murder Holes
36:06 Conscription
35:53 Northmen's Fury
38:03 Blast Furnace
37:19 Chain Mail Armor
37:29 Chain Mail Armor
36:54 Onager
39:17 Siege Onager
43:30 Plate Mail Armor
44:27 Fletching
44:38 Padded Archer Armor
45:48 Elite Skirmisher
46:34 Thumb Ring
46:29 Bodkin Arrow
46:49 Leather Archer Armor
47:43 Bracer
51:14 Hoardings
52:51 Ring Archer Armor
ikaros
10:34 Feudal Age
14:04 Castle Age
12:29 Double-Bit Axe
18:36 Horse Collar
24:00 Forging
25:50 Scale Barding Armor
26:32 Bloodlines
26:22 Husbandry
28:00 Iron Casting
28:27 Chain Barding Armor
32:12 Imperial Age
29:29 Loom
33:59 Blast Furnace
33:42 Conscription
34:02 Plate Barding Armor
33:47 Gold Mining
33:50 Stone Mining
33:52 Elite Jarl
35:12 Squires
35:13 Scale Mail Armor
36:48 Wheelbarrow
35:59 Town Watch
39:32 Chain Mail Armor
40:36 Gothikon
44:26 Plate Mail Armor
43:22 Elite Varangian Guard
51:04 Stone Shaft Mining
51:46 Elite Skirmisher
52:26 Fletching
52:36 Padded Archer Armor
53:28 Bodkin Arrow
54:34 Chemistry
53:55 Ballistics
54:36 Leather Archer Armor
54:22 Bracer
STABYLO
10:00 Feudal Age
14:02 Castle Age
11:58 Double-Bit Axe
12:35 Horse Collar
14:57 Bow Saw
21:36 Wheelbarrow
23:30 Heavy Plow
28:58 Imperial Age
26:14 Loom
26:27 Gold Mining
26:44 Stone Mining
27:45 Hand Cart
27:22 Fletching
27:54 Ballistics
28:15 Bodkin Arrow
28:20 Padded Archer Armor
29:28 Stone Shaft Mining
28:43 Town Watch
30:01 Conscription
30:42 Chemistry
29:54 Bracer
30:02 Thumb Ring
30:33 Elite Genoese Crossbowman
31:53 Leather Archer Armor
32:54 Masonry
32:25 Treadmill Crane
33:17 Ring Archer Armor
34:30 Two-Man Saw
35:00 Silk Road
43:45 Architecture
45:20 Hoardings
50:59 Caravan
53:08 Scale Mail Armor
52:30 Pikeman
53:10 Squires
54:10 Chain Mail Armor
55:38 Plate Mail Armor
55:18 Forging
a.l.a.n.t
11:14 Feudal Age
12:41 Double-Bit Axe
12:37 Horse Collar
15:39 Castle Age
16:59 Bow Saw
21:37 Wheelbarrow
22:13 Heavy Plow
24:48 Fletching
27:58 Imperial Age
25:43 Bodkin Arrow
26:22 Ballistics
27:07 Padded Archer Armor
28:28 Leather Archer Armor
28:19 Husbandry
28:30 Bloodlines
30:18 Chemistry
29:20 Bracer
28:44 Elite Elephant Archer
31:02 Ring Archer Armor
31:07 Gold Mining
31:09 Stone Mining
32:15 Loom
32:45 Hand Cart
32:18 Town Watch
34:41 Siege Engineers
35:12 Guilds
37:14 Coinage
36:57 Masonry
37:04 Paiks
37:24 Conscription
39:00 Siege Elephant
50:06 Banking
54:30 Light Cavalry
56:48 Scale Barding Armor
56:53 Forging
168kcal
10:28 Feudal Age
14:55 Castle Age
13:30 Double-Bit Axe
14:13 Horse Collar
16:10 Wheelbarrow
16:26 Bow Saw
17:25 Loom
23:16 Fortified Wall
23:45 Heavy Plow
29:59 Imperial Age
28:14 Hand Cart
28:36 Man-at-Arms
29:16 Squires
29:01 Arson
29:29 Forging
29:19 Scale Mail Armor
29:58 Gold Mining
30:48 Iron Casting
30:01 Long Swordsman
31:59 Chemistry
31:26 Chain Mail Armor
31:52 Conscription
31:25 Town Watch
31:03 Two-Handed Swordsman
31:56 Champion
33:38 Plate Mail Armor
34:54 Crop Rotation
56:25 Fletching
56:48 Masonry
橋本真也
10:40 Feudal Age
15:15 Castle Age
14:10 Double-Bit Axe
14:08 Horse Collar
16:28 Bow Saw
17:20 Wheelbarrow
16:35 Loom
23:11 Heavy Plow
29:13 Imperial Age
27:02 Hand Cart
27:14 Husbandry
27:25 Bloodlines
27:41 Scale Barding Armor
27:47 Forging
28:49 Chain Barding Armor
29:54 Iron Casting
29:07 Cavalier
30:46 Gold Mining
31:11 Savar
32:32 Plate Barding Armor
34:23 Ballistics
35:03 Chemistry
35:08 Blast Furnace
33:59 Fletching
34:09 Padded Archer Armor
35:25 Two-Man Saw
34:02 Elite Skirmisher
37:16 Bodkin Arrow
37:39 Leather Archer Armor
39:36 Gold Shaft Mining
38:52 Stone Mining
40:54 Thumb Ring
44:04 Ring Archer Armor
44:06 Light Cavalry
48:57 Hussar
ragamuffin
11:23 Feudal Age
10:35 Loom
14:37 Castle Age
12:43 Double-Bit Axe
13:19 Horse Collar
20:46 Wheelbarrow
25:07 Hand Cart
29:01 Imperial Age
26:26 Fletching
27:50 Bodkin Arrow
28:06 Forging
28:51 Ballistics
29:32 Chemistry
29:41 Town Watch
30:00 Bracer
32:55 Forging
32:45 Padded Archer Armor
34:26 Iron Casting
34:35 Leather Archer Armor
34:28 Town Patrol
34:54 Pikeman
35:35 Squires
36:00 Halberdier
44:04 Arson
Connection lost

Rejoining the realm…

Still unreachable

The connection could not be restored.

Session expired

The server has moved on; the page needs a fresh start.